 Dungeon Crawl Stone Soup version 0.30.0 (webtiles) character file.

Game seed: 3400836368422816902

2735073 WandererXX the Conqueror (level 26, 266/266 HPs)
             Began as a Minotaur Wanderer on Sept 7, 2023.
             Was the Champion of Zin.
             Escaped with the Orb
             ... and 5 runes on Sept 9, 2023!
             The game lasted 05:21:37 (85852 turns).

WandererXX the Conqueror (Minotaur Wanderer)       Turns: 85852, Time: 05:21:37

Health: 266/266    AC: 42    Str: 36    XL:     26   Next: 76%
Magic:  37/37      EV: 18    Int:  9    God:    Zin [******]
Gold:   2924       SH: 18    Dex: 17    Spells: 25/25 levels left

rFire   + + .        y - +6 eveningstar (flame)
rCold   + + .        v - +2 kite shield {reflect}
rNeg    + . .        d - +12 chain mail of the Stonemason {rElec rC++ Str-5 Int+4}
rPois   .            O - +2 hat {SInv}
rElec   +            L - +2 cloak {Will+}
rCorr   .            Z - +2 pair of gloves {Str+3}
SInv    +            G - +1 pair of boots {Fly}
Will    +++++        e - amulet of the Four Winds {rN+ Will+++ Clar} Stlth
                     U - ring "Keqeewn" {Contam rF+ Str+6 Dex+3 Stlth+}
HPRegen 0.64/turn    B - ring "Nuekhe" {rElec rF+ AC+4 Str+3}
MPRegen 0.25/turn

%: reflection, clarity
@: flying, studying 4 skills
A: horns 2, retaliatory headbutt
0: Orb of Zot
}: 5/15 runes: decaying, slimy, silver, abyssal, gossamer
a: Renounce Religion, Recite, Vitalisation, Imprison, Sanctuary, Donate Gold


You escaped.
You worshipped Zin.
Zin was exalted by your worship.
You visited 11 branches of the dungeon, and saw 55 of its levels.
You visited the Abyss 4 times.
You also visited: Bailey.

You collected 9511 gold pieces.
You spent 3184 gold pieces at shops.
You donated 3403 gold pieces to Zin.

Inventory:

Hand Weapons
 h - a +3 eveningstar of freezing
 y - a +6 eveningstar of flaming (weapon)
 N - the +7 war axe "Hiomma" {flame, rPois rC+}
   (You found it on level 2 of the Crypt)

   rC:        It protects you from cold.
   rPois:     It protects you from poison.
Missiles
 q - 78 poisoned darts
 t - 9 curare-tipped darts
 X - 13 throwing nets (quivered)
Armour
 d - the +12 chain mail of the Stonemason (worn) {rElec rC++ Str-5 Int+4}
   (You bought it in a shop on level 2 of the Orcish Mines)

   Str:       It affects your strength (-5).
   Int:       It affects your intelligence (+4).
   rC:        It greatly protects you from cold.
   rElec:     It insulates you from electricity.
 v - a +2 kite shield of reflection (worn)
 G - a +1 pair of boots of flying (worn)
 K - the +8 fire dragon scales "Bogah" {+Inv rF++ rC- rN+ rCorr}
   (You found it on level 3 of the Crypt)

   rF:        It greatly protects you from fire.
   rC:        It makes you vulnerable to cold.
   rN:        It protects you from negative energy.
   +Inv:      It lets you turn invisible.
   rCorr:     It protects you from acid and corrosion.
 L - a +2 cloak of willpower (worn)
 O - a +2 hat of see invisible (worn)
 Z - a +2 pair of gloves of strength (worn)
Jewellery
 c - a ring of see invisible
 e - the amulet of the Four Winds (around neck) {rN+ Will+++ Clar}
   (You bought it in a shop on level 15 of the Dungeon)

   [amulet of nothing]

   rN:        It protects you from negative energy.
   Clar:      It protects you from confusion, rage, mesmerisation and fear.
   Will:      It greatly increases your willpower.
 u - the ring of Cuepladu {rElec rCorr Str+3 Dex-5}
   (You took it off an ancient champion on level 3 of the Crypt)

   [ring of resist corrosion]

   Str:       It affects your strength (+3).
   Dex:       It affects your dexterity (-5).
   rElec:     It insulates you from electricity.
   rCorr:     It protects you from acid and corrosion.
 B - the ring "Nuekhe" (right hand) {rElec rF+ AC+4 Str+3}
   (You found it on level 1 of the Vaults)

   [ring of protection]

   AC:        It affects your AC (+4).
   Str:       It affects your strength (+3).
   rF:        It protects you from fire.
   rElec:     It insulates you from electricity.
 U - the ring "Keqeewn" (left hand) {Contam rF+ Str+6 Dex+3 Stlth+}
   (You found it on level 3 of the Lair of Beasts)

   [ring of strength]

   Str:       It affects your strength (+6).
   Dex:       It affects your dexterity (+3).
   rF:        It protects you from fire.
   Contam:    It causes magical contamination when unequipped.
   Stlth:     It makes you more stealthy.
Wands
 g - a wand of flame (103)
 z - a wand of charming (93)
 C - a wand of mindburst (32)
 Q - a wand of digging (4)
 S - a wand of roots (49)
 Y - a wand of light (28)
Scrolls
 b - 11 scrolls of amnesia
 j - 5 scrolls of teleportation
 k - 11 scrolls of fear
 l - 2 scrolls of silence
 w - a scroll of magic mapping
 x - 3 scrolls of butterflies
 A - 10 scrolls of poison
 E - 9 scrolls of immolation
 I - 13 scrolls of fog
 P - 2 scrolls of blinking
 V - 3 scrolls of vulnerability
Potions
 f - 6 potions of magic
 m - 14 potions of flight
 n - 4 potions of cancellation
 o - 4 potions of berserk rage
 p - 5 potions of resistance
 r - 9 potions of ambrosia
 s - 4 potions of invisibility
 D - 9 potions of mutation
 F - 18 potions of curing
 M - 6 potions of attraction
 R - a potion of heal wounds
 T - a potion of might
Miscellaneous
 a - a phantom mirror
 W - a lightning rod (4/4)


   Skills:
 O Level 27 Fighting
 - Level 17.7(20.5) Axes
 - Level 16.9(20.0) Maces & Flails
 - Level 4.8(12.5) Polearms
 - Level 5.0 Throwing
 - Level 18.0 Armour
 - Level 15.0 Dodging
 - Level 20.0 Shields
 - Level 23.0 Invocations
 + Level 21.9 Evocations


You had 25 spell levels left.
You didn't know any spells.
Your spell library contained the following spells:

 Spells                   Type           Power      Damage    Failure   Level
 Apportation              Tloc           0%         N/A       71%         1
 Freeze                   Ice            0%         1d3       71%         1
 Sandblast                Erth           0%         2d4       71%         1
 Slow                     Hex            0%         N/A       71%         1
 Summon Small Mammal      Summ           0%         N/A       71%         1
 Blink                    Tloc           0%         N/A       83%         2
 Cigotuvi's Dreadful Rot  Necr/Pois/Air  0%         N/A       83%         2
 Ensorcelled Hibernation  Hex/Ice        0%         N/A       83%         2
 Lesser Beckoning         Tloc           0%         N/A       83%         2
 Momentum Strike          Conj/Tloc      0%         3d8       83%         2
 Passwall                 Tmut/Erth      0%         N/A       83%         2
 Poisonous Vapours        Pois/Air       0%         N/A       83%         2
 Scorch                   Fire           0%         2d5       83%         2
 Static Discharge         Conj/Air       0%         2-2/arc   83%         2
 Call Canine Familiar     Summ           0%         N/A       97%         3
 Confusing Touch          Hex            0%         N/A       97%         3
 Dazzling Flash           Conj/Hex       0%         N/A       97%         3
 Frozen Ramparts          Ice            0%         1d1       97%         3
 Gell's Gravitas          Tloc           0%         N/A       97%         3
 Hailstorm                Conj/Ice       0%         3d3       97%         3
 Ignite Poison            Fire/Tmut/Pois 0%         N/A       97%         3
 Inner Flame              Hex/Fire       0%         N/A       97%         3
 Ozocubu's Armour         Ice            0%         N/A       97%         3
 Spider Form              Tmut/Pois      0%         N/A       97%         3
 Stone Arrow              Conj/Erth      0%         3d7       97%         3
 Summon Guardian Golem    Hex/Summ       0%         N/A       97%         3
 Teleport Other           Tloc           0%         N/A       97%         3
 Vampiric Draining        Necr           0%         2d6       97%         3
 Volatile Blastmotes      Fire/Tloc      0%         2d10      97%         3
 Airstrike                Air            0%         2d(0-16)  100%        4
 Anguish                  Hex/Necr       0%         N/A       100%        4
 Animate Armour           Summ/Erth      0%         N/A       100%        4
 Cause Fear               Hex            0%         N/A       100%        4
 Flame Wave               Conj/Fire      0%         2d4       100%        4
 Fulminant Prism          Conj/Hex       0%         3d5       100%        4
 Ice Form                 Ice/Tmut       0%         N/A       100%        4
 Iskenderun's Mystic Bla  Conj/Tloc      0%         2d3       100%        4
 Leda's Liquefaction      Hex/Erth       0%         N/A       100%        4
 Manifold Assault         Tloc           0%         N/A       100%        4
 Passage of Golubria      Tloc           0%         N/A       100%        4
 Petrify                  Tmut/Erth      0%         N/A       100%        4
 Summon Ice Beast         Ice/Summ       0%         N/A       100%        4
 Summon Lightning Spire   Summ/Air       0%         N/A       100%        4
 Alistair's Intoxication  Tmut/Pois      0%         N/A       100%        5
 Blade Hands              Tmut           0%         N/A       100%        5
 Fireball                 Conj/Fire      0%         3d3       100%        5
 Freezing Cloud           Conj/Ice/Air   0%         6-21      100%        5
 Iskenderun's Battlesphe  Conj           0%         2d6       100%        5
 Lee's Rapid Deconstruct  Erth           0%         3d4*      100%        5
 Metabolic Englaciation   Hex/Ice        0%         N/A       100%        5
 Silence                  Hex/Air        0%         N/A       100%        5
 Summon Forest            Summ/Tloc      0%         N/A       100%        5
 Summon Mana Viper        Hex/Summ       0%         N/A       100%        5
 Conjure Ball Lightning   Conj/Air       0%         3x3d6     100%        6
 Dispersal                Tloc           0%         N/A       100%        6
 Iron Shot                Conj/Erth      0%         9d1       100%        6
 Plasma Beam              Fire/Air       0%         2x1d11    100%        6
 Simulacrum               Ice/Necr       0%         N/A       100%        6
 Starburst                Conj/Fire      0%         6d3       100%        6
 Statue Form              Tmut/Erth      0%         N/A       100%        6
 Summon Cactus Giant      Summ           0%         N/A       100%        6
 Dragon Form              Tmut           0%         N/A       100%        7
 Enfeeble                 Hex            0%         N/A       100%        7
 Orb of Destruction       Conj           0%         9d5       100%        7
 Ozocubu's Refrigeration  Ice            0%         4d7       100%        7
 Storm Form               Tmut/Air       0%         N/A       100%        7
 Disjunction              Tloc           0%         N/A       100%        8
 Lehudib's Crystal Spear  Conj/Erth      0%         10d2      100%        8
 Necromutation            Tmut/Necr      0%         N/A       100%        8
 Chain Lightning          Conj/Air       0%         N/A       100%        9
 Dragon's Call            Summ           0%         N/A       100%        9
 Fire Storm               Conj/Fire      0%         5d1       100%        9
 Polar Vortex             Ice            0%         N/A       100%        9
 Shatter                  Erth           0%         3d5*      100%        9


Dungeon Overview and Level Annotations

Branches:
Dungeon (15/15)            Temple (0/1) D:6            Lair (5/5) D:8
  Swamp (4/4) Lair:2       Spider (4/4) Lair:3        Slime (5/5) Lair:5
    Orc (2/2) D:9             Elf (3/3) Orc:2        Vaults (5/5) D:13
  Crypt (3/3) Vaults:3       Tomb (0/3) Crypt:3      Depths (4/4) D:15
    Zot (5/5) Depths:4     Bailey (visited)

Altars:
Cheibriados
Elyvilon
Gozag
Hepliaklqana
Kikubaaqudgha
Nemelex Xobeh
Okawaru
Sif Muna
Uskayaw
Vehumet
Wu Jian
Xom
Yredelemnul
Zin
Jiyva
Lugonu

Shops:
D:5 *   D:7 (   D:15 *[(=[   Orc:2 [![*   Vaults:1 (   Depths:1 [   Depths:3 =

Portals:
Hell: Depths:1 Depths:2 Depths:3 Depths:4
Abyss: Lair:5 Swamp:2 Depths:1 Depths:2 Depths:3
Pandemonium: Depths:2
Ziggurat: Depths:3

Annotations:
D:4 Eustachio
D:13 6 runed translucent doors
D:14 3 runed translucent doors, Cicylist's ghost, journeyman FoFi
Swamp:2 2 transporters, Speno's ghost, journeyman DrWn
Elf:2 3 runed translucent doors
Vaults:2 Mara
Crypt:3 1 runed translucent door, yalue's ghost, adept MiFi
Zot:3 3 transporters


Innate Abilities, Weirdness & Mutations

You have a pair of horns on your head.
You reflexively headbutt those who attack you in melee.


Message History

There is a stone staircase leading up here.
The sixfirhy hits you but does no damage.
You block the sixfirhy's attack. x2; The sixfirhy barely misses you.
You fly upwards.
There is a stone staircase leading down here.
You block the sixfirhy's attack. The sixfirhy hits you.
The sixfirhy shocks you. You resist.
There is an escape hatch in the ceiling here.
The sixfirhy barely misses you. You furiously retaliate!
You headbutt the sixfirhy!
The sixfirhy hits you but does no damage.
The sixfirhy completely misses you. You furiously retaliate!
You headbutt the sixfirhy!! You block the sixfirhy's attack.
A mysterious force pulls you upwards. The hatch slams shut behind you.
A sixfirhy is nearby!
You miss the sixfirhy. You headbutt the sixfirhy!
The sixfirhy is almost dead.
You block the sixfirhy's attack.
You miss the sixfirhy.
The sixfirhy is almost dead.
You hit the sixfirhy. You burn the sixfirhy.
You kill the sixfirhy!
There is an open door here.
There is an open door here.
A Hell Sentinel comes into view.
The Hell Sentinel moves out of view.
There is an open door here.
There is an open door here.
You reach down and close the door.
There is a stone staircase leading up here.
You fly upwards.
There is a stone staircase leading down here.
HP restored.
There is a large open door here.
There is a staircase leading out of the dungeon here.
Saving game... please wait.
Welcome back, WandererXX the Minotaur Wanderer.
Zin says: Spread the light, my child.
Press ? for a list of commands and other information.
You have escaped!

##################
#≈~P≈≈~PPPPP~≈≈≈.~
#≈~≈≈≈~P~~≈P≈≈~≈~.
#≈≈≈≈~≈≈P~P≈≈≈≈P~~
#≈≈~≈≈≈~~~≈≈≈≈≈≈~~
#~.~≈~~≈≈≈≈≈~~≈≈≈~
#~..~..~≈~~~..~≈≈.
#.#P.P#.~.~.##.~.#
#@######.≈.####.##
### ######## #####
#.....# ##...#
#.....###..#..
#.....#...###.
#.....#.### ##
#.......######
#...........##
#.......###.##


There were no monsters in sight!

Vanquished Creatures
  4 dread liches
  2 orbs of fire
  2 juggernauts
  Vv (Zot:3)
  3 curse toes
  7 golden dragons
  Nikola (Spider:4)
  4 bone dragons
  2 electric golems (Zot:1)
  A hellephant (Abyss:3)
  7 tentacled monstrosities
  An Ice Fiend (D:11)
  Jorgrun (D:13)
  3 Hell Sentinels (Abyss:3)
  Mlioglotl (Swamp:1)
  2 deep elf master archers (Elf:3)
  10 Orb Guardians
  A walking divine tome (Depths:3)
  11 liches
  6 titans
  26 acid blobs
  3 quicksilver dragons
  An Executioner (Abyss:3)
  7 sphinxes
  An eldritch tentacle (Abyss:3)
  3 death cobs
  8 ancient champions
  A thorn hunter (Swamp:2)
  16 tentacled starspawn
  Agnes (Spider:3)
  9 tengu reavers
  Kirke (D:15)
  Donald (Spider:2)
  8 rockslimes
  5 revenants
  4 shadow dragons
  Roxanne (D:15)
  A fenstrider witch (Swamp:3)
  7 azure jellies
  5 draconian monks
  7 fire giants
  8 deep elf sorcerers
  13 storm dragons
  5 emperor scorpions
  3 draconian knights
  Aizul (Spider:3)
  3 iron dragons
  3 draconian scorchers
  5 frost giants
  21 vault wardens
  5 ghouls
  An orc warlord (Vaults:2)
  3 balrugs
  2 shard shrike simulacra (Abyss:3)
  4 curse skulls
  6 deep elf elementalists
  A caustic shrike zombie (Abyss:3)
  A juggernaut zombie (Crypt:1)
  6 draconian stormcallers
  A quicksilver ooze (shapeshifter) (Vaults:5)
  A cacodemon (Abyss:3)
  A draconian shifter (Zot:1)
  6 draconian annihilators
  4 spectral caustic shrikes (Depths:2)
  The ghost of Maimakterion the Bludgeoner, a journeyman GrFi of Cheibriados (Orc:1)
  7 quicksilver oozes
  A war gargoyle (Vaults:5)
  A reaper (Abyss:4)
  16 very ugly things
  A broodmother (Spider:4)
  16 ironbound preservers
  9 ironbound thunderhulks
  A lorocyproca (Abyss:3)
  17 stone giants
  5 black draconians
  A rockslime zombie (Crypt:1)
  9 vampire knights
  6 eleionomae
  9 deep elf demonologists
  8 green draconians
  5 dire elephants (Vaults:3)
  3 deep elf annihilators (Elf:3)
  8 red draconians
  6 spark wasps
  24 yellow draconians
  8 purple draconians
  8 white draconians
  A bunyip (Swamp:4)
  13 ettins
  2 eidola
  4 crystal guardians
  A mummy priest (Crypt:3)
  A green death (Abyss:3)
  8 fire dragons
  3 blizzard demons
  2 merfolk javelineers
  Josephine (Orc:1)
  8 deep elf high priests
  9 deep elf death magi
  3 shambling mangroves
  23 yaktaur captains
  4 entropy weavers
  16 jiangshi
  9 great orbs of eyes
  14 hydras
  3 peacekeepers
  3 spriggan air magi
  5 rakshasas
  13 ice dragons
  2 ogre magi
  33 vault guards
  4 ghost crabs
  5 ironbound frosthearts
  2 catoblepae (Lair:5)
  A fenstrider witch skeleton (Abyss:3)
  3 radroaches
  12 boulder beetles
  6 two-headed ogres
  2 jorogumos
  5 centaur warriors
  5 death knights
  14 dancing weapons
  13 alligators
  A bennu skeleton (Crypt:2)
  A death yak (shapeshifter) (Elf:3)
  6 tengu warriors
  4 deep troll shamans
  9 vampire magi
  2 spriggan berserkers
  23 thrashing horrors
  6 death yaks (Lair:4)
  6 deep troll earth magi
  A quicksilver ooze zombie (Crypt:1)
  4 orc high priests
  15 wretched stars
  12 deep elf knights
  19 hell knights
  2 soul eaters
  6 sun demons
  8 iron trolls
  5 shadow wraiths
  A titan skeleton (Abyss:4)
  A skyshark (Lair:3)
  12 skeletal warriors
  3 sun moths (Spider:4)
  Lodul (D:10)
  A golden dragon zombie (Crypt:1)
  A bunyip zombie (Abyss:2)
  3 sixfirhies
  A spatial maelstrom (Abyss:4)
  6 pharaoh ants
  3 goliath frogs
  The ghost of BogsyCalzone the Bewitcher, a novice DECj of Sif Muna (D:10)
  6 orb spiders
  15 swamp dragons
  3 salamander mystics (Depths:2)
  4 glowing orange brains
  A sea snake (shapeshifter) (Vaults:3)
  4 flayed ghosts
  5 spriggan druids
  41 large abominations
  9 bog bodies
  55 deep trolls
  An orange crystal statue (Abyss:4)
  10 wizards
  A spriggan simulacrum (Crypt:2)
  23 deep elf zephyrmancers
  10 necromancers
  6 deep elf archers
  An anaconda skeleton (Crypt:3)
  A jorogumo zombie (Crypt:2)
  72 starcursed masses
  20 phantasmal warriors
  23 ironbound convokers
  A frost giant zombie (D:15)
  8 steelbarb worms
  6 lindwurms
  A bunyip skeleton (Crypt:3)
  19 deep elf pyromancers
  4 orc knights
  A harpy (Vaults:1)
  A shining eye (shapeshifter) (Vaults:3)
  6 manticores
  3 orc sorcerers
  8 wolf spiders
  2 shining eyes
  A mana viper (shapeshifter) (Depths:2)
  An iron dragon zombie (Abyss:3)
  3 will-o-the-wisps
  The ghost of Caterwaul the Carver, a novice HuMo of the Shining One (D:6)
  An eleionoma zombie (Crypt:3)
  5 cyclopes
  2 stone giant zombies
  7 worldbinders
  2 fauns (shapeshifter)
  An iron dragon skeleton (D:15)
  10 salamanders (Depths:2)
  2 tengu skeletons (Depths:1)
  30 ugly things
  18 elephants
  2 rust devils
  22 vault sentinels
  6 oklob plants (Zot:3)
  2 black mambas
  An eleionoma skeleton (Crypt:3)
  20 moths of wrath
  A stone giant skeleton (Crypt:3)
  A molten gargoyle (Depths:2)
  2 apocalypse crabs (Abyss:3)
  16 smoke demons
  11 cane toads
  5 eyes of devastation
  3 orange demons
  4 torpor snails
  A gargoyle (D:8)
  Maggie (D:8)
  A dire elephant skeleton (Crypt:1)
  A kobold demonologist (D:13)
  3 centaur skeletons
  6 demonic crawlers
  3 naga skeletons
  A hellion (D:12)
  A minotaur zombie (Crypt:2)
  Psyche (D:11)
  25 yaktaurs
  A spriggan zombie (Depths:1)
  6 komodo dragons
  7 freezing wraiths
  An alligator snapping turtle skeleton (Crypt:1)
  A black draconian skeleton (Crypt:2)
  2 komodo dragons (shapeshifter)
  8 tengu conjurers
  A bunyip simulacrum (Crypt:1)
  A tormentor (Abyss:4)
  6 efreet
  9 guardian mummies (Crypt:3)
  9 ancient zymes
  10 trolls
  A red devil (Abyss:2)
  An iron troll skeleton (Crypt:2)
  A hellwing (Abyss:3)
  6 meliai
  A meliai (shapeshifter) (Depths:3)
  A blink frog (shapeshifter) (D:14)
  A polar bear (Lair:4)
  21 hornets
  2 harpy skeletons
  3 hydra skeletons
  A harpy zombie (Abyss:3)
  20 raiju
  8 tyrant leeches
  20 tarantellas
  17 blink frogs
  A dream sheep (shapeshifter) (Elf:1)
  2 dream sheep (Lair:1)
  A culicivora zombie (Crypt:2)
  99 slime creatures
  A satyr skeleton (Crypt:3)
  A centaur simulacrum (D:14)
  18 culicivoras
  14 jumping spiders
  A culicivora (shapeshifter) (Elf:1)
  2 air elementals (Elf:1)
  A guardian serpent skeleton (Crypt:3)
  3 shadows
  17 wraiths
  17 flying skulls
  4 fire elementals
  8 vampires
  18 spriggans
  2 spriggan skeletons
  4 hogs (D:15)
  7 wyverns
  2 ettin skeletons
  54 yaks
  14 ynoxinuls
  10 water elementals
  Grum (Bailey)
  49 redbacks
  2 fire bats (Abyss:3)
  19 golden eyes
  11 basilisks
  8 chaos spawn
  A golden eye (shapeshifter) (Vaults:5)
  39 small abominations
  A redback (shapeshifter) (Depths:1)
  A steam dragon (shapeshifter) (Vaults:5)
  A steam dragon (D:8)
  16 neqoxecs
  A warg (Orc:1)
  A fire bat zombie (Crypt:2)
  2 harpy simulacra
  2 naga zombies
  3 spatial vortices (Abyss:4)
  A naga (Abyss:4)
  11 swamp worms
  4 acid dragons
  11 water moccasins
  5 hell hounds
  A spectral torpor snail (Lair:2)
  A spectral yak (Lair:2)
  A floating eye (shapeshifter) (Depths:4)
  A sky beast (D:7)
  A glowing shapeshifter skeleton (Depths:1)
  A spectral polar bear (Lair:2)
  29 orc warriors
  8 black bears
  21 ogres
  11 swamp drakes
  5 boggarts
  An ettin simulacrum (Crypt:2)
  A tengu (shapeshifter) (Orc:2)
  19 wolves
  12 centaurs
  7 kobold brigands
  A draconian zombie (Crypt:3)
  2 necrophages (Crypt:2)
  16 gnoll sergeants
  A spectral water moccasin (Lair:2)
  5 bullfrogs
  6 earth elementals
  2 scorpions (D:5)
  15 wights
  A tengu zombie (Depths:1)
  10 killer bees
  4 electric eels (D:8)
  8 howler monkeys
  4 quasits
  A basilisk zombie (Crypt:2)
  28 orc priests
  A wolf skeleton (Crypt:1)
  9 hounds
  20 jellies
  8 gnoll boudas
  An iron imp (Abyss:4)
  A basilisk skeleton (Crypt:1)
  Ijyb (D:3)
  2 iguanas
  28 orc wizards
  11 hell rats
  A boggart skeleton (Crypt:3)
  30 gnolls
  6 adders
  A white imp (Abyss:4)
  7 ufetubi
  A lava snake skeleton (Crypt:1)
  A worm (D:2)
  4 dart slugs
  57 orcs
  6 endoplasms
  2 giant cockroaches
  16 goblins
  9 hobgoblins
  8 jackals
  31 kobolds
  3 quokkas
  6 ball pythons
  7 bats
  A frilled lizard (D:3)
  A giant cockroach zombie (Crypt:3)
  A goblin zombie (Crypt:1)
  6 rats
  6 briar patches (Swamp:2)
  A fire vortex (Depths:2)
  2 lurking horrors
  6 pillars of salt
  5 starspawn tentacles
2660 creatures vanquished.

Vanquished Creatures (collateral kills)
  the Royal Jelly (Slime:5)
  An ironbound preserver (Vaults:5)
  2 hydras (Swamp:1)
  A meliai (Spider:4)
  A gnoll (D:5)
6 creatures vanquished.

Vanquished Creatures (others)
  A fire giant (Depths:2)
  Louise (Spider:4)
  A vampire knight (Crypt:3)
  A boulder beetle (Spider:4)
  A shadow wraith (Abyss:3)
  A deep elf zephyrmancer (Elf:3)
  An orc sorcerer (Elf:1)
  A tengu conjurer (D:14)
  A bloated husk (Swamp:2)
  A hornet (Swamp:4)
  A raiju (Abyss:4)
  4 small abominations (Abyss:4)
  A human (D:15)
  A boggart (D:13)
  A kobold brigand (D:9)
  A gnoll sergeant (D:9)
  A hound (D:4)
  A gnoll (D:5)
  6 briar patches
  17 foxfires
  32 fungi
  2 lurking horrors
  29 pillars of salt
  44 plants
  24 starspawn tentacles
  17 withered plants
192 creatures vanquished.

Grand Total: 2858 creatures vanquished

Notes
Turn   | Place    | Note
-------+----------+-------------------------------------------
     0 | D:1      | WandererXX the Minotaur Wanderer began the quest for the
                  | Orb.
     0 | D:1      | WandererXX set off with the following items: a +2 hand axe,
                  | a +0 spear, a piece from Xom's chessboard (15/15), a scroll
                  | of blinking, a +0 leather armour.
     0 | D:1      | Reached XP level 1. HP: 14/14 MP: 0/0
   207 | D:1      | Reached skill level 1 in Fighting
   265 | D:1      | Reached XP level 2. HP: 24/24 MP: 1/1
   351 | D:1      | Reached skill level 2 in Fighting
   752 | D:2      | Reached skill level 3 in Fighting
   799 | D:2      | Reached XP level 3. HP: 27/31 MP: 2/2
  1354 | D:3      | Reached skill level 4 in Fighting
  1460 | D:3      | Noticed Ijyb
  1537 | D:3      | Reached XP level 4. HP: 37/41 MP: 3/3
  1551 | D:3      | Found a faded altar of an unknown god.
  1770 | D:3      | Killed Ijyb
  2002 | D:4      | Noticed a water moccasin
  2026 | D:4      | Killed a water moccasin
  2027 | D:4      | Reached skill level 5 in Fighting
  2027 | D:4      | Reached XP level 5. HP: 46/48 MP: 4/4
  2272 | D:4      | Noticed an orc warrior
  2535 | D:3      | Reached skill level 5 in Axes
  2535 | D:3      | Reached XP level 6. HP: 48/56 MP: 5/5
  2908 | D:4      | Noticed Eustachio
  3075 | D:5      | Entered Level 5 of the Dungeon
  3315 | D:5      | Found a glowing silver altar of Zin.
  3323 | D:5      | Became a worshipper of Zin the Law-Giver
  3323 | D:5      | Reached * piety under Zin
  3395 | D:5      | Reached XP level 7. HP: 61/61 MP: 5/7
  3444 | D:5      | Found a radiant altar of Vehumet.
  3506 | D:5      | Reached skill level 5 in Armour
  3519 | D:5      | Found Cosafuti's Assorted Antiques.
  3536 | D:5      | Bought a scroll labelled UGAEMM VOSAERR for 23 gold pieces
  3536 | D:5      | Bought a scroll of teleportation for 69 gold pieces
  3536 | D:5      | Bought a murky brown potion for 20 gold pieces
  3671 | D:5      | Reached ** piety under Zin
  4239 | D:5      | Reached XP level 8. HP: 23/68 MP: 9/9
  4908 | D:6      | Identified the +1 leather armour "Hogo Ahe" {rCorr Str+3
                  | Slay-6 Stlth+}
  5395 | D:6      | Found a staircase to the Ecumenical Temple.
  5413 | D:6      | Reached skill level 5 in Invocations
  5415 | D:6      | Reached skill level 5 in Evocations
  5761 | D:6      | Noticed Caterwaul's ghost (novice HuMo)
  5762 | D:6      | Found a transporter.
  5762 | D:6      | Identified the +0 great mace of the Undead {flame, *Slow
                  | rC+ Int+2 Stlth+}
  5762 | D:6      | Identified the +7 dire flail "Vugyamiff" {heavy, rCorr MP-9
                  | Int+5 Dex+2}
  5762 | D:6      | Noticed a two-headed ogre
  5764 | D:6      | Found a transporter.
  5950 | D:7      | Found an opulent altar of Gozag.
  6023 | D:7      | Reached *** piety under Zin
  6055 | D:7      | Reached XP level 9. HP: 74/74 MP: 11/13
  6102 | D:7      | Paralysed by a hornet for 1 turns
  6150 | D:7      | Found an ornate altar of the Wu Jian Council.
  6193 | D:7      | Found the +1 Delatra's gloves {ID++}
  6199 | D:7      | Found a snail-covered altar of Cheibriados.
  6875 | D:7      | Found Karivit's Weapon Shop.
  6971 | D:7      | Found a sparkling altar of Nemelex Xobeh.
  6971 | D:7      | Found a shimmering blue altar of Sif Muna.
  6973 | D:7      | Found a hide-covered altar of Uskayaw.
  7253 | D:8      | Noticed a troll
  7403 | D:8      | Killed a troll
  7731 | D:8      | Reached skill level 10 in Invocations
  7732 | D:8      | Reached skill level 1 in Dodging
  7741 | D:8      | Reached **** piety under Zin
  8012 | D:8      | Noticed a gargoyle
  8372 | D:9      | Reached XP level 10. HP: 52/81 MP: 16/16
  8701 | D:9      | Identified an amulet of Hyenaem {RegenMP Str-5 Int+4}
  9226 | D:8      | Noticed Maggie
  9233 | D:8      | Killed Maggie
  9529 | D:9      | Found a staircase to the Orcish Mines.
  9533 | D:9      | Reached skill level 5 in Dodging
  9943 | D:9      | Reached skill level 10 in Axes
  9943 | D:9      | Reached skill level 1 in Shields
 10093 | D:9      | Found a shimmering altar of Xom.
 10094 | D:9      | Found a hazy altar of Hepliaklqana.
 10138 | D:9      | Paralysed by a hornet for 3 turns
 10147 | D:9      | Paralysed by a hornet for 3 turns
 10928 | D:8      | Found a staircase to the Lair.
 11057 | D:10     | Entered Level 10 of the Dungeon
 11078 | D:10     | Reached XP level 11. HP: 86/86 MP: 15/17
 11107 | D:10     | Reached skill level 1 in Throwing
 11118 | D:10     | Noticed Lodul
 11137 | D:10     | Killed Lodul
 11145 | D:10     | Reached ***** piety under Zin
 11457 | D:10     | Found a flagged portal.
 11468 | Bailey   | Entered a bailey
 11781 | Bailey   | Noticed Grum
 11799 | Bailey   | Killed Grum
 11846 | Bailey   | Identified the +7 plate armour "Borrij" {Harm rElec rF+
                  | rCorr}
 11860 | Bailey   | Reached ****** piety under Zin
 12045 | Bailey   | Reached skill level 10 in Armour
 12057 | Bailey   | Identified the +0 scale mail "Gahass" {rElec Int+4}
 12478 | D:10     | Found a white marble altar of Elyvilon.
 12561 | D:10     | Found a runed translucent door.
 12561 | D:10     | Noticed BogsyCalzone's ghost (novice DECj)
 12576 | D:10     | Noticed a spriggan rider
 12576 | D:10     | Identified the +6 trident of Jootwu {vamp, rPois rN+ Int-2}
 12633 | D:8      | Reached skill level 5 in Shields
 12899 | D:8      | Found an iron altar of Okawaru.
 13101 | D:5      | Bought a runed plate armour for 598 gold pieces
 13731 | Lair:1   | Entered Level 1 of the Lair of Beasts
 14911 | Lair:2   | Reached skill level 5 in Throwing
 14914 | Lair:2   | Reached skill level 6 in Fighting
 14914 | Lair:2   | Reached XP level 12. HP: 94/96 MP: 18/18
 15367 | Lair:2   | Reached skill level 7 in Fighting
 15734 | Lair:2   | Reached skill level 8 in Fighting
 16141 | Lair:2   | Found a staircase to the Swamp.
 16141 | Lair:2   | Noticed a ghost crab
 16141 | Lair:2   | Noticed a ghost crab
 16347 | Lair:3   | Reached skill level 9 in Fighting
 16557 | Lair:3   | Identified the ring "Keqeewn" {Contam rF+ Str+6 Dex+3
                  | Stlth+}
 16942 | Lair:3   | Reached skill level 10 in Fighting
 17366 | Lair:3   | Found a hole to the Spider Nest.
 17375 | Lair:3   | Reached XP level 13. HP: 113/113 MP: 20/20
 19769 | Lair:5   | Entered Level 5 of the Lair of Beasts
 20571 | Lair:5   | Found a viscous altar of Jiyva.
 20571 | Lair:5   | Found a staircase to the Slime Pits.
 21162 | Lair:5   | Reached skill level 15 in Invocations
 21478 | Lair:5   | Reached skill level 11 in Fighting
 21573 | Lair:5   | Reached XP level 14. HP: 91/124 MP: 24/24
 21865 | Lair:5   | Reached skill level 12 in Fighting
 21910 | Lair:5   | Found a corrupted altar of Lugonu.
 21910 | Lair:5   | Found a one-way gate to the infinite horrors of the Abyss.
 21925 | Lair:5   | Got the Handbook of Phlogiston and Frostbite
 22484 | Orc:1    | Entered Level 1 of the Orcish Mines
 22765 | Orc:1    | Noticed Maimakterion's ghost (journeyman GrFi)
 22871 | Orc:1    | Found a runed translucent gate.
 22871 | Orc:1    | Found a runed translucent gate.
 22874 | Orc:1    | Found a runed translucent gate.
 23136 | Orc:1    | Reached skill level 13 in Fighting
 23169 | Orc:1    | Killed Maimakterion's ghost
 23269 | Orc:2    | Entered Level 2 of the Orcish Mines
 23901 | Orc:2    | Reached skill level 14 in Fighting
 24266 | Orc:2    | Found Garot's Antique Armour Shop.
 24266 | Orc:2    | Found Foivacoe's Distillery.
 24497 | Orc:2    | Found a staircase to the Elven Halls.
 24676 | Orc:2    | Found Amolouv's Assorted Antiques.
 24680 | Orc:2    | Found Karif's Antique Armour Boutique.
 24686 | Orc:2    | Bought a steaming chain mail for 266 gold pieces
 24686 | Orc:2    | Identified the +12 chain mail of the Stonemason {rElec rC++
                  | Str-5 Int+4} (You bought it in a shop on level 2 of the
                  | Orcish Mines)
 24704 | Orc:2    | Bought a potion of curing for 63 gold pieces
 24704 | Orc:2    | Bought an emerald-encrusted leather armour for 147 gold
                  | pieces
 24704 | Orc:2    | Identified the +0 leather armour of Kindness {-Tele Rampage
                  | Fly} (You bought it in a shop on level 2 of the Orcish
                  | Mines)
 24704 | Orc:2    | Bought a potion of might for 84 gold pieces
 24707 | Orc:2    | Bought a potion of berserk rage for 70 gold pieces
 24707 | Orc:2    | Bought a potion of resistance for 140 gold pieces
 24707 | Orc:2    | Bought a potion of flight for 42 gold pieces
 24707 | Orc:2    | Bought a potion of mutation for 112 gold pieces
 24707 | Orc:2    | Bought a potion of cancellation for 112 gold pieces
 24837 | Orc:1    | Noticed Josephine
 24847 | Orc:1    | Killed Josephine
 24851 | Orc:1    | Reached skill level 15 in Fighting
 25349 | D:11     | Reached skill level 15 in Axes
 25351 | D:11     | Noticed Psyche
 25360 | D:11     | Killed Psyche
 26929 | D:13     | You fall into a shaft and drop 2 floors!
 26929 | D:15     | Entered Level 15 of the Dungeon
 27109 | D:15     | Found Kehurphe's Weapon Boutique.
 27140 | D:15     | Found Xiowierph's Armour Boutique.
 27141 | D:15     | Found Sotwy's Jewellery Shop.
 27436 | D:13     | Reached XP level 15. HP: 124/143 MP: 25/25
 27488 | D:13     | Found a runed translucent gate.
 27488 | D:13     | Found a runed translucent gate.
 27488 | D:13     | Found a runed translucent gate.
 27511 | D:13     | Reached skill level 16 in Fighting
 27590 | D:13     | Noticed a sphinx
 27591 | D:13     | Noticed a sphinx
 27601 | D:13     | Noticed Jorgrun
 27628 | D:13     | Killed Jorgrun
 27872 | D:13     | Found a runed translucent gate.
 27872 | D:13     | Found a runed translucent gate.
 27872 | D:13     | Found a runed translucent gate.
 28165 | D:13     | Found a gate to the Vaults.
 28447 | D:13     | Identified the amulet "Lawnuah" {Spirit Rampage Fragile rC-
                  | Int+9}
 28527 | D:14     | Found a runed translucent gate.
 28527 | D:14     | Found a runed translucent gate.
 28527 | D:14     | Found a runed translucent gate.
 28528 | D:14     | Noticed Cicylist's ghost (journeyman FoFi)
 28867 | D:14     | Reached skill level 17 in Fighting
 29647 | D:15     | Found Xiwewk's Assorted Antiques.
 29803 | D:15     | Noticed Roxanne
 29828 | D:15     | Killed Roxanne
 30177 | D:15     | Found a staircase to the Depths.
 30180 | D:15     | Noticed Kirke
 30209 | D:15     | Killed Kirke
 30538 | D:15     | Found Diotaug's Antique Armour Boutique.
 30560 | D:15     | Reached skill level 18 in Fighting
 30800 | D:15     | Bought the amulet of the Four Winds {rN+ Will+++ Clar} for
                  | 910 gold pieces
 30800 | D:15     | Found the amulet of the Four Winds {rN+ Will+++ Clar}
 31031 | Lair:2   | Identified a scroll of acquirement
 31031 | Lair:2   | Acquired 1005 gold pieces
 31071 | Swamp:1  | Entered Level 1 of the Swamp
 31185 | Swamp:1  | Noticed Mlioglotl
 31301 | Swamp:1  | Killed Mlioglotl
 31630 | Swamp:1  | Reached skill level 19 in Fighting
 32073 | Swamp:2  | Reached XP level 16. HP: 131/160 MP: 27/27
 32707 | Swamp:2  | Found a transporter.
 32708 | Swamp:2  | Noticed Speno's ghost (journeyman DrWn)
 32724 | Swamp:2  | Found a transporter.
 32745 | Swamp:2  | Reached skill level 20 in Fighting
 33144 | Swamp:2  | Noticed a tentacled starspawn
 33160 | Swamp:2  | Noticed a thorn hunter
 33173 | Swamp:2  | Killed a thorn hunter
 35182 | Swamp:4  | Entered Level 4 of the Swamp
 35356 | Spider:1 | Entered Level 1 of the Spider Nest
 35750 | Orc:2    | Bought a glowing scarf for 288 gold pieces
 35913 | D:15     | Bought a pair of runed gloves for 240 gold pieces
 36121 | D:6      | Killed Caterwaul's ghost
 36290 | D:10     | Killed BogsyCalzone's ghost
 37340 | Spider:2 | Noticed Donald
 37352 | Spider:2 | Killed Donald
 38046 | Spider:3 | Reached XP level 17. HP: 166/171 MP: 29/29
 38086 | Spider:3 | Noticed Aizul
 38098 | Spider:3 | Killed Aizul
 38309 | Spider:3 | Noticed Agnes
 38322 | Spider:3 | Killed Agnes
 38884 | Spider:4 | Entered Level 4 of the Spider Nest
 39366 | Spider:4 | Noticed Louise
 39367 | Spider:4 | Noticed Nikola
 39395 | Spider:4 | Killed Louise
 39405 | Spider:4 | Killed Nikola
 39790 | Spider:4 | Identified the +0 falchion "Plog" {heavy, Will++ rCorr MP+9
                  | Dex-5}
 39790 | Spider:4 | Identified the +1 robe of Wonod {+Blink rC+}
 40386 | Spider:4 | Got a gossamer rune of Zot
 41247 | Swamp:4  | Reached skill level 10 in Shields
 41920 | Swamp:4  | Paralysed by a hornet for 1 turns
 42097 | Swamp:4  | Got a decaying rune of Zot
 42275 | Swamp:4  | Reached XP level 18. HP: 180/180 MP: 31/31
 42573 | Elf:1    | Entered Level 1 of the Elven Halls
 43831 | Elf:1    | Paralysed by an air elemental for 1 turns
 43834 | Elf:1    | Paralysed by an air elemental for 1 turns
 44772 | Elf:2    | Found a runed translucent gate.
 44773 | Elf:2    | Found a runed translucent gate.
 44774 | Elf:2    | Found a runed translucent gate.
 45048 | Elf:3    | Entered Level 3 of the Elven Halls
 45126 | Elf:3    | Reached skill level 15 in Armour
 45151 | Elf:3    | Reached skill level 10 in Evocations
 45397 | Elf:3    | Identified the +0 robe of the Furrier {Rampage}
 46583 | Elf:3    | Identified the +0 robe of the Game of Life {Int+6}
 46606 | Elf:3    | Noticed a Tzitzimitl
 46989 | Elf:3    | Noticed a Brimstone Fiend
 47056 | Elf:3    | Identified the +11 morningstar of Big Damage {flame, rC+
                  | Will+}
 47079 | Elf:3    | Identified the amulet of Secrets {Acrobat rPois}
 47084 | Elf:3    | Reached XP level 19. HP: 92/180 MP: 32/32
 47459 | Elf:3    | Got the Codex of Frigid Orogeny
 47467 | Elf:3    | Got the Anthology of the Evil Eye and the Shapeshifter
 47485 | Elf:3    | Got the Omnibus of Vapour
 47778 | Vaults:1 | Entered Level 1 of the Vaults
 47918 | Vaults:1 | Reached skill level 1 in Maces & Flails
 48238 | Vaults:1 | Acquired 525 gold pieces
 48359 | Vaults:1 | Reached skill level 5 in Maces & Flails
 48849 | Vaults:1 | Reached skill level 15 in Shields
 48985 | Vaults:1 | Found Quwykhlu's Weapon Shop.
 49068 | Vaults:1 | Identified the ring "Nuekhe" {rElec rF+ AC+4 Str+3}
 49348 | Vaults:1 | Got Sif Muna's Papyrus of the Loathsome Welkin
 49486 | Vaults:2 | Reached skill level 10 in Maces & Flails
 50494 | Vaults:2 | Noticed Mara
 50503 | Vaults:2 | Noticed WandererXX's illusion
 50606 | Vaults:2 | Reached skill level 15 in Maces & Flails
 52295 | Vaults:3 | Reached XP level 20. HP: 195/195 MP: 33/33
 52299 | Vaults:3 | Found a staircase to the Crypt.
 52914 | Vaults:4 | Reached skill level 21 in Fighting
 54549 | Vaults:5 | Entered Level 5 of the Vaults
 54557 | Vaults:5 | Reached skill level 22 in Fighting
 54557 | Vaults:5 | Reached skill level 10 in Dodging
 54568 | Vaults:5 | Noticed a dread lich
 55150 | Vaults:5 | Noticed a dread lich
 55545 | Vaults:5 | Killed a dread lich
 55546 | Vaults:5 | Reached skill level 23 in Fighting
 55546 | Vaults:5 | Reached XP level 21. HP: 97/213 MP: 32/34
 55550 | Vaults:5 | Reached skill level 24 in Fighting
 55563 | Vaults:5 | Killed a dread lich
 56175 | Vaults:5 | Reached skill level 25 in Fighting
 56583 | Vaults:5 | Identified the orb of the Jabberwock {*Rage, Will++ Int-2
                  | Stlth+}
 56941 | Vaults:5 | Identified the +3 leather armour of Taoris {Stlth+}
 56967 | Vaults:5 | Identified the ring "Evaguhell" {*Slow rPois rCorr Dex+4
                  | Slay+2 SInv}
 57495 | Vaults:5 | Got a silver rune of Zot
 57531 | Vaults:5 | Identified the staff of poison "Bismea" {rPois Dex+2}
 57549 | Vaults:5 | Identified the ring of the Imp {Fire Dex+4}
 57837 | Vaults:5 | Noticed a golden dragon
 57857 | Vaults:5 | Killed a golden dragon
 58540 | Depths:1 | Entered Level 1 of the Depths
 59478 | Depths:1 | Reached XP level 22. HP: 228/228 MP: 35/35
 59705 | Depths:1 | Found a gateway to Hell.
 59823 | Depths:1 | Found Reofis's Armour Shop.
 60497 | Depths:2 | Found a one-way gate leading to the halls of Pandemonium.
 60844 | Depths:2 | Reached skill level 26 in Fighting
 61226 | Depths:2 | Identified the +0 buckler "Giohap" {rElec Will+}
 62357 | Depths:3 | Found a one-way gateway to a ziggurat.
 62731 | Depths:3 | Found an ornate altar of the Wu Jian Council.
 62834 | Depths:3 | Noticed a juggernaut
 63116 | Depths:3 | Found Keawk's Jewellery Boutique.
 63443 | Depths:3 | Identified the ring of the Mutiny {rF+ EV+5 Dex+4}
 63692 | Depths:4 | Entered Level 4 of the Depths
 63758 | Depths:4 | Identified the +5 ring mail "Aseynas" {rElec rPois SInv}
 64282 | Depths:4 | Noticed a golden dragon
 64289 | Depths:4 | Killed a golden dragon
 64290 | Depths:4 | Reached XP level 23. HP: 194/238 MP: 36/36
 64377 | Depths:4 | Found an ancient bone altar of Kikubaaqudgha.
 65037 | Depths:4 | Found a gate to the Realm of Zot.
 65105 | Depths:3 | Identified the +1 great mace of Pusahie {pain, Str+4 Dex+2}
 65108 | Depths:3 | Killed a juggernaut
 65200 | Depths:3 | Voluntarily entered the Abyss.
 65460 | Abyss:2  | Found a corrupted altar of Lugonu.
 65956 | Abyss:2  | Reached skill level 27 in Fighting
 66103 | Depths:3 | Escaped the Abyss
 66105 | Depths:3 | Voluntarily entered the Abyss.
 66243 | Abyss:3  | Found a corrupted altar of Lugonu.
 66304 | Abyss:3  | Found a corrupted altar of Lugonu.
 66570 | Abyss:3  | Found a corrupted altar of Lugonu.
 66571 | Abyss:3  | Found a corrupted altar of Lugonu.
 66572 | Abyss:3  | Found a corrupted altar of Lugonu.
 66742 | Abyss:3  | Noticed a dread lich
 66749 | Abyss:3  | Paralysed by accursed screaming for 1 turns
 66757 | Abyss:3  | Killed a dread lich
 66760 | Abyss:3  | Paralysed by accursed screaming for 1 turns
 66961 | Abyss:3  | Reached skill level 15 in Dodging
 67767 | Depths:3 | Escaped the Abyss
 68001 | Depths:3 | Voluntarily entered the Abyss.
 68219 | Abyss:3  | Found a corrupted altar of Lugonu.
 68248 | Abyss:3  | Found a corrupted altar of Lugonu.
 68260 | Abyss:3  | Reached XP level 24. HP: 249/249 MP: 36/36
 68288 | Depths:3 | Escaped the Abyss
 68581 | Depths:3 | Voluntarily entered the Abyss.
 68891 | Abyss:4  | Paralysed by accursed screaming for 2 turns
 68899 | Abyss:4  | Paralysed by accursed screaming for 1 turns
 69002 | Abyss:4  | Got an abyssal rune of Zot
 69761 | Depths:3 | Escaped the Abyss
 70092 | Crypt:1  | Entered Level 1 of the Crypt
 72194 | Crypt:2  | Identified the +7 war axe "Hiomma" {flame, rPois rC+}
 72412 | Crypt:3  | Entered Level 3 of the Crypt
 72426 | Crypt:3  | Found a runed translucent door.
 72427 | Crypt:3  | Noticed yalue's ghost (adept MiFi)
 73861 | Crypt:3  | Reached XP level 25. HP: 214/257 MP: 37/37
 74092 | Crypt:3  | Identified the ring of Cuepladu {rElec rCorr Str+3 Dex-5}
 74186 | Crypt:3  | Found a basalt altar of Yredelemnul.
 74189 | Crypt:3  | Found an ancient bone altar of Kikubaaqudgha.
 74253 | Crypt:3  | Identified the +8 fire dragon scales "Bogah" {+Inv rF++ rC-
                  | rN+ rCorr}
 74689 | Crypt:3  | Found a staircase to the Tomb.
 75181 | Zot:1    | Entered Level 1 of the Realm of Zot
 75500 | Zot:1    | Reached skill level 15 in Evocations
 78271 | Slime:1  | Entered Level 1 of the Pits of Slime
 79220 | Slime:5  | Entered Level 5 of the Pits of Slime
 79439 | Slime:5  | Noticed the Royal Jelly
 79993 | Slime:5  | Found a viscous altar of Jiyva.
 79998 | Slime:5  | Found the +3 robe of Clouds {*Thunder rCloud rElec}
 80013 | Slime:5  | Reached XP level 26. HP: 260/266 MP: 37/37
 80025 | Slime:5  | Killed the Royal Jelly
 80734 | Slime:5  | Got a slimy rune of Zot
 80749 | Slime:5  | Identified the +1 sling "Wyunalo" {heavy, MP+9 Dex+3}
 80791 | Slime:5  | Identified the +5 plate armour of Zin's Condemnation
                  | {+Blink Int+4}
 81754 | Zot:3    | Noticed an orb of fire
 81768 | Zot:2    | HP: 12/266 [death cob (18)]
 82709 | Zot:3    | Noticed Vv
 82806 | Zot:2    | Killed an orb of fire
 83009 | Zot:3    | Found a transporter.
 83010 | Zot:3    | Found a transporter.
 83016 | Zot:3    | Found a transporter.
 83016 | Zot:3    | Found a transporter.
 83018 | Zot:3    | Found a transporter.
 83018 | Zot:3    | Found a transporter.
 83270 | Zot:3    | Killed Vv
 83541 | Zot:4    | Noticed an orb of fire
 83563 | Zot:3    | Killed an orb of fire
 84213 | Zot:5    | Entered Level 5 of the Realm of Zot
 84522 | Zot:5    | Noticed a dread lich
 84541 | Zot:5    | Killed a dread lich
 84623 | Zot:5    | Noticed an ancient lich
 84623 | Zot:5    | Noticed an orb of fire
 84625 | Zot:5    | Noticed an ancient lich
 84640 | Zot:5    | Noticed an orb of fire
 84652 | Zot:5    | Paralysed by a Zot trap for 3 turns
 84665 | Zot:5    | Got the Orb of Zot
 84674 | Zot:5    | a Killer Klown changed into a juggernaut
 84674 | Zot:5    | Noticed a juggernaut
 84706 | Zot:5    | Donated 2925 gold pieces to Zin
 84746 | Zot:5    | Killed a juggernaut
 85241 | D:13     | Noticed Mocae the pandemonium lord
 85500 | D:8      | Noticed Wurpha the pandemonium lord
 85572 | D:8      | Noticed Pucyt the pandemonium lord
 85852 | D:$      | Escaped with the Orb!

Illustrated notes

Levels and vault maps discovered:
D:1:      lightli_arrival_windingriver, layout_rooms, dk_noncrumbling_3
D:2:      layout_basic, minmay_pentomino_u4
D:3:      layout_basic, hellmonk_ecumenical_altar_arch_garden,
          patterned_corridor, uniq_ijyb
D:4:      layout_loops_cross, minmay_misc_feat_chi, uniq_eustachio
D:5:      layout_loops_corners, mainiacjoe_overflow_paths, zin_academy,
          serial_shops, shop, grunt_ministairs_6
D:6:      layout_loops_corners, temple_green, gammafunk_ghost_smash,
          feat_on_display
D:7:      layout_basic, grunt_gozag_statues, mainiacjoe_overflow_alcove_3,
          marbit_many_paths, serial_shops, nicolae_shop_pleasant_corner_grove
D:8:      layout_loops_ring, okawaru_altar_gauntlet_db, erik_lair_island,
          uniq_maggie
D:9:      layout_loops_corners, regret_index_temple_of_mockery,
          kennysheep_orc_monster_closet_entryway, hangedman_decor_opposing
D:10:     layout_basic, lemuel_round_altar, enter_bailey_5,
          ebering_ghost_funeral_grove, uniq_lodul
D:11:     layout_cross, uniq_psyche
D:12:     layout_basic
D:13:     kennysheep_treasure_stockpile, layout_gridville, david_vaults_5,
          serial_rivers, chequers_serial_rivers_room_b,
          chequers_serial_rivers_room_b, chequers_serial_rivers_large_a,
          chequers_serial_rivers_room_b, chequers_serial_rivers_room_a,
          chequers_serial_rivers_room_b, uniq_jorgrun
D:14:     layout_long_grid, gammafunk_ghost_spectres, hangedman_decor_points,
          lemuel_nasty_fountain
D:15:     gammafunk_depths_entry_grave, layout_basic, grunt_decor_resistance,
          serial_shops, shop, nicolae_lakefront_shop, shop,
          nicolae_shop_hallway_plus, shop, uniq_kirke, uniq_roxanne
Lair:1:   layout_small_grid, beast_lair_carwin_5
Lair:2:   layout_concentric_octagons, nicolae_swamp_entry_spooky
Lair:3:   layout_cave_shapes, hellmonk_spider_entry_not_the_bees
Lair:4:   layout_cave_pods
Lair:5:   hellmonk_lair_end_abyssal_woods, layout_regular_city, slime_entry_1,
          nicolae_quartered_pool_impasse, infiniplex_staircase_pool
Swamp:1:  layout_basic_swamp, evilmike_swamp_ruin_rubble_1, swamp_pool4,
          nicolae_swamp_round_clearing, uniq_mlioglotl
Swamp:2:  layout_falls_marsh, gammafunk_ghost_abyssal_escape,
          evilmike_swamp_ruin_house_3, infiniplex_staircase_pool_2
Swamp:3:  layout_falls_marsh, serial_swamp_ruin, evilmike_swamp_ruin_house_1,
          evilmike_swamp_ruin_house_4, st_swamp_ruins_1
Swamp:4:  swamp, layout_basic_swamp
Spider:1: layout_spider_delve, nicolae_spider_bug_shape
Spider:2: layout_spider_delve, hive_lemuel, uniq_donald
Spider:3: layout_chambers, nicolae_spider_cling_halls, uniq_aizul, uniq_agnes
Spider:4: hellmonk_spider_rune_bug_friends, ebering_ghost_rock_garden,
          uniq_louise, uniq_nikola, uniq_asterion
Slime:1:  layout_caves
Slime:2:  layout_caves
Slime:3:  layout_caves
Slime:4:  layout_caves
Slime:5
Orc:1:    layout_caves, gammafunk_ghost_split, uniq_josephine
Orc:2:    st_orc_mages, layout_caves, special_room
Elf:1:    elf_arrival_002, layout_gridlike, hangedman_elf_disciples,
          st_stairs_14
Elf:2:    nicolae_elf_blades_splatter_lattice
          [nicolae_blade_entry_diamond_columns], layout_geoelf_grid,
          serial_shops, shop, lemuel_upstairs_altar
Elf:3:    minmay_elf_hall_curves, layout_geoelf_octagon
Vaults:1: nicolae_vaults_closet_pinwheel_6, nicolae_vaults_network_s,
          nicolae_vaults_shipping_containers_2,
          nicolae_vaults_closet_pinwheel_4,
          nicolae_vaults_taking_the_gang_shopping, nicolae_vaults_tetromino_T_1,
          layout_vaults_chaotic_city
Vaults:2: v_misc_9, v_misc_17, hangedman_vaults_corner, v_misc_30,
          ontoclasm_vaults_spin, nicolae_vaults_wine_cellar, vaults_dpeg_ring,
          nicolae_vaults_double_plus_1, vaults_standard_mumra_enter_the_diamond,
          nicolae_vaults_angled_halls, layout_vaults_maze_snakey, serial_shops,
          shop, uniq_mara
Vaults:3: nicolae_vaults_security_offices_3, ontoclasm_vaults_idyll,
          nicolae_vaults_little_squares_1, vaults_dpeg_encased_lava,
          grunt_vaults_diagonal, layout_vaults_omnigrid, dummy_crypt_entry
Vaults:4: st_cross, nicolae_vaults_puzzle_piece, nicolae_vaults_triangles,
          v_misc_15, nicolae_vaults_sesquioval_fish, hangedman_vaults_stream,
          nicolae_vaults_more_shelving_2, vaults_room_door_ring,
          vaults_dpeg_cross, nicolae_vaults_network_square,
          nicolae_vaults_specimen_jars, layout_vaults_big_cross
Vaults:5
Crypt:1:  layout_regular_city, minmay_misc_feat_ornament,
          grunt_crypt_arrival_webbed
Crypt:2:  layout_chaotic_city, hex_large, roderic_lattice_octagonal_star,
          uniq_margery
Crypt:3:  lightli_unholy_cathedral, layout_chaotic_city,
          tomb_entry_sphere_bobbens, ebering_ghost_inner_flame, uniq_grunn
Depths:1: layout_gridville, abyss_entry, serial_shops, nicolae_square_shop,
          grunt_metal_band, chequers_serial_rivers_small_3,
          nrook_mini_backslash, chequers_serial_rivers_small_b,
          minmay_misc_feat_secret_circle, lemuel_flamethrower_3
Depths:2: minmay_box_of_statues, layout_basic, abyss_entry,
          pf_hell_entry_tar_river, rand_demon_pan_entry_5
Depths:3: kennysheep_green_arena, layout_cave_pools, enter_ziggurat_e,
          infiniplex_staircase_zigzag_1, hell_entry, serial_shops,
          nicolae_shop_window_shopping, abyss_entry, minmay_misc_feat_rows,
          nzn_wu_jian_contemplation
Depths:4: evilmike_zot_entry_hall, layout_basic, kiku_gazebo_garden_becter,
          hell_entry, minmay_shoptagon, serial_bayou_shore_a, uniq_josephina
Zot:1:    layout_onion, grunt_ministairs_14
Zot:2:    grunt_twist_and_shout, layout_onion_interference
Zot:3:    lemuel_acid_trip, layout_concentric_octagons, serial_nicolae_subway,
          nicolae_sub_station_stone, nicolae_sub_station_crystal,
          nicolae_sub_station_metal, uniq_vv
Zot:4:    layout_misc_corridors
Zot:5:    layout_gridlike

Skill      XL: |  1  2  3  4  5  6  7  8  9 10 11 12 13 14 15 16 17 18 19 20 21 22 23 24 25 26 |
---------------+-------------------------------------------------------------------------------+-----
Fighting       | 1 3 4 5 6 10 11 15 19 20 23 25 26 27 | 27.0
Axes           | 4 5 6 7 10 11 13 16 17 | 17.7
Armour         | 2 3 4 5 6 9 10 13 15 17 18 | 18.0
Evocations     | 2 3 5 7 10 11 14 18 21 | 21.9
Invocations    | 3 6 10 11 15 16 19 20 22 23 | 23.0
Dodging        | 2 5 10 11 13 15 | 15.0
Shields        | 2 6 7 10 13 15 17 20 | 20.0
Throwing       | 5 |  5.0
Maces & Flails | 16 | 16.9
Polearms       | |  4.8

Action                     |  1- 3 |  4- 6 |  7- 9 | 10-12 | 13-15 | 16-18 | 19-21 | 22-24 | 25-27 || total
---------------------------+-------+-------+-------+-------+-------+-------+-------+-------+-------++-------
  Melee: Hand axe          |   100 |    86 |    50 |       |       |       |       |       |       ||   236
         Headbutt          |     9 |    23 |    59 |   242 |   421 |   351 |   447 |   783 |   439 ||  2774
         Punch             |     1 |       |     4 |       |       |       |       |       |       ||     5
         Whip              |       |       |   267 |   931 |   692 |       |       |       |       ||  1890
         Broad axe         |       |       |       |       |   696 |   754 |       |       |       ||  1450
         Eveningstar       |       |       |       |       |       |   560 |  1259 |  2300 |  1221 ||  5340
  Throw: Dart              |       |    10 |    39 |    63 |    21 |    26 |     7 |     2 |       ||   168
         Throwing net      |       |       |       |       |       |       |       |       |     1 ||     1
 Invoke: Recite            |       |       |     1 |    15 |    18 |    28 |    30 |    36 |    25 ||   153
         Vitalisation      |       |       |       |     7 |    12 |    34 |     6 |    13 |    16 ||    88
         Sanctuary         |       |       |       |       |     1 |       |       |     3 |     2 ||     6
         Donate Gold       |       |       |       |       |       |       |       |       |     1 ||     1
  Evoke: Wand              |       |     7 |     4 |    21 |    19 |    14 |     1 |     6 |    17 ||    89
         Phial of floods   |       |       |       |     1 |     1 |       |       |       |       ||     2
         Lightning rod     |       |       |       |       |     2 |     1 |       |       |     1 ||     4
         Phantom mirror    |       |       |       |       |     1 |     1 |       |       |     1 ||     3
         Condenser vane    |       |       |       |       |     1 |       |       |       |       ||     1
    Use: Scroll            |     1 |    10 |     4 |    11 |    19 |     4 |    10 |     7 |    20 ||    86
         Potion            |       |     1 |     1 |     3 |     9 |     7 |     5 |     2 |    20 ||    48
   Stab: Invisible         |       |       |       |     8 |     1 |       |     1 |       |     3 ||    13
         Paralysed         |       |       |       |     3 |    24 |       |    17 |     9 |       ||    53
         Confused          |       |       |       |     2 |    23 |    25 |    36 |    11 |    12 ||   109
         Petrified         |       |       |       |       |     2 |       |       |       |       ||     2
         Distracted        |       |       |       |       |       |       |       |     2 |       ||     2
         Held in net/web   |       |       |       |       |       |       |       |       |     2 ||     2
 Armour: Leather armour    |    29 |     1 |       |       |       |       |       |       |       ||    30
         Chain mail        |       |    53 |   130 |   188 |   312 |   879 |   578 |   775 |   514 ||  3429
         Plate armour      |       |       |       |   214 |   326 |       |       |       |       ||   540
         Fire dragon scale |       |       |       |       |       |       |       |       |    24 ||    24
  Dodge: Dodged            |    57 |    53 |   107 |   281 |   421 |   619 |   482 |  1005 |   628 ||  3653
  Block: Other             |       |       |    53 |    33 |       |       |       |       |       ||    86
         Reflection        |       |       |     3 |     3 |    28 |    26 |    48 |    19 |    29 ||   156
         Buckler           |       |       |       |   330 |   593 |   114 |       |       |       ||  1037
         Kite shield       |       |       |       |       |       |   527 |   688 |  1424 |   867 ||  3506
